TOP OF THE 1ST |
Colorado Commanders batting - Pitching for Salem Sledgehammers : LHP Miguel Galván
|
Pitching: LHP Miguel Galván
|
|
Batting: RHB Kyle Vélez
|
0-0: Called Strike 0-1: Ball 1-1: Foul Ball, location: 2F 1-2: Ball 2-2: Ball 3-2: Foul Ball, location: 2F 3-2: SINGLE (Line Drive, 4M)
|
Batting: RHB Gerald Johnson
|
0-0: Ball 1-0: Foul Ball, location: 2F 1-1: Foul Ball, location: 2F 1-2: Strikes out swinging
|
Batting: RHB Carlos Hernández
|
0-0: Ball 1-0: Ball 2-0: Called Strike 2-1: Ball 3-1: Base on Balls Kyle Vélez to second
|
Batting: SHB Theodore Cook
|
0-0: Ball 1-0: Called Strike 1-1: Ball 2-1: Foul Ball, location: 2F 2-2: Strikes out swinging
|
Batting: RHB Roberto Rodríguez
|
0-0: SINGLE (Flyball, 9S) Kyle Vélez to third Carlos Hernández to second Runner from 3rd tries for Home, SAFE, no throw or cutoff
|
Batting: RHB Frank Martínez
|
0-0: Called Strike 0-1: Called Strike 0-2: Strikes out swinging
|
Top of the 1st over - 1 run(s), 2 hit(s), 0 error(s), 2 left on base; Colorado 1 - Salem 0 |
BOTTOM OF THE 1ST |
Salem Sledgehammers batting - Pitching for Colorado Commanders : RHP Héctor Rodríguez
|
Pitching: RHP Héctor Rodríguez
|
|
Batting: RHB Luis Bustamante
|
0-0: Ball 1-0: Fly out, F8 (Flyball, 8LM)
|
Batting: LHB José Rivera
|
0-0: Ball 1-0: Called Strike 1-1: Ground out 1-3 (Groundball, 13)
|
Batting: LHB Nathan Frey
|
0-0: Called Strike 0-1: DOUBLE (Groundball, 3L) - OUT at third base trying to stretch hit.
|
Bottom of the 1st over - 0 run(s), 1 hit(s), 0 error(s), 0 left on base; Colorado 1 - Salem 0 |
TOP OF THE 2ND |
Colorado Commanders batting - Pitching for Salem Sledgehammers : LHP Miguel Galván
|
Batting: RHB Tony Barton
|
0-0: Swinging Strike 0-1: Ball 1-1: Called Strike 1-2: Strikes out swinging
|
Batting: RHB Adam Reeves
|
0-0: Called Strike 0-1: Ball 1-1: Called Strike 1-2: Strikes out swinging
|
Batting: RHB Chris Rice
|
0-0: Ball 1-0: DOUBLE (Flyball, 78XD)
|
Batting: RHB Kyle Vélez
|
0-0: SINGLE (Line Drive, 7S) Chris Rice to third Runner from 3rd tries for Home, SAFE, no throw or cutoff
|
Batting: RHB Gerald Johnson
|
0-0: Called Strike 0-1: Ground out 6-3 (Groundball, 6)
|
Top of the 2nd over - 1 run(s), 2 hit(s), 0 error(s), 1 left on base; Colorado 2 - Salem 0 |
BOTTOM OF THE 2ND |
Salem Sledgehammers batting - Pitching for Colorado Commanders : RHP Héctor Rodríguez
|
Batting: SHB Enrique Uribe
|
0-0: Foul Ball, location: 2F 0-1: Ball 1-1: Foul Ball, location: 2F 1-2: Strikes out looking
|
Batting: RHB Bobby Miller
|
0-0: Ball 1-0: Called Strike 1-1: Ball 2-1: Fly out, F6 (Line Drive, 6)
|
Batting: RHB Marc Ploughman
|
0-0: Ball 1-0: Foul Ball, location: 2F 1-1: Ball 2-1: Swinging Strike 2-2: Strikes out swinging
|
Bottom of the 2nd over - 0 run(s), 0 hit(s), 0 error(s), 0 left on base; Colorado 2 - Salem 0 |
TOP OF THE 3RD |
Colorado Commanders batting - Pitching for Salem Sledgehammers : LHP Miguel Galván
|
Batting: RHB Carlos Hernández
|
0-0: Ball 1-0: Ball 2-0: Called Strike 2-1: Ball 3-1: Base on Balls
|
Batting: SHB Theodore Cook
|
0-0: Ball 1-0: Ball 2-0: Ball 3-0: Base on Balls Carlos Hernández to second
|
Batting: RHB Roberto Rodríguez
|
0-0: Ball 1-0: Foul Ball, location: 2F 1-1: Swinging Strike 1-2: Foul Ball, location: 2F 1-2: Strikes out swinging
|
Batting: RHB Frank Martínez
|
0-0: Called Strike 0-1: Swinging Strike 0-2: Ball 1-2: Foul Ball, location: 2F 1-2: Strikes out looking
|
Batting: RHB Tony Barton
|
0-0: Swinging Strike 0-1: SINGLE (Groundball, 34) Carlos Hernández to third Theodore Cook to second Runner from 3rd tries for Home, SAFE, no throw or cutoff
|
Batting: RHB Adam Reeves
|
0-0: Called Strike 0-1: Swinging Strike 0-2: Ball 1-2: Strikes out looking
|
Top of the 3rd over - 1 run(s), 1 hit(s), 0 error(s), 2 left on base; Colorado 3 - Salem 0 |
BOTTOM OF THE 3RD |
Salem Sledgehammers batting - Pitching for Colorado Commanders : RHP Héctor Rodríguez
|
Batting: RHB Patrick Daniels
|
0-0: Ball 1-0: Called Strike 1-1: Ball 2-1: Ball 3-1: Swinging Strike 3-2: Foul Ball, location: 2F 3-2: Base on Balls
|
Batting: LHB Caleb Hall
|
0-0: Called Strike 0-1: Ball 1-1: Ball 2-1: TRIPLE (Groundball, 3L) Patrick Daniels scores
|
Batting: RHB Lakota O'Reilly
|
0-0: Foul Ball, location: 2F 0-1: Ball 1-1: Fly out, F8 (Flyball, 8RM) Runner from 3rd tags up, SCORES, throw made
|
Batting: RHB Luis Bustamante
|
0-0: Fly out, F4 (Popup, 34D)
|
Batting: LHB José Rivera
|
0-0: Foul Ball, location: 2F 0-1: Swinging Strike 0-2: Ball 1-2: Ball 2-2: Ball 3-2: Fly out, F8 (Flyball, 8RXD)
|
Bottom of the 3rd over - 2 run(s), 1 hit(s), 0 error(s), 0 left on base; Colorado 3 - Salem 2 |
TOP OF THE 4TH |
Colorado Commanders batting - Pitching for Salem Sledgehammers : LHP Miguel Galván
|
Batting: RHB Chris Rice
|
0-0: Ball 1-0: Ball 2-0: Swinging Strike 2-1: Ground out 4-3 (Groundball, 4)
|
Batting: RHB Kyle Vélez
|
0-0: Ground out 6-3 (Groundball, 6)
|
Batting: RHB Gerald Johnson
|
0-0: Foul Ball, location: 2F 0-1: Ball 1-1: Ball 2-1: Ball 3-1: Foul Ball, location: 2F 3-2: Strikes out swinging
|
Top of the 4th over - 0 run(s), 0 hit(s), 0 error(s), 0 left on base; Colorado 3 - Salem 2 |
BOTTOM OF THE 4TH |
Salem Sledgehammers batting - Pitching for Colorado Commanders : RHP Héctor Rodríguez
|
Batting: LHB Nathan Frey
|
0-0: Called Strike 0-1: Ground out U3 (Groundball, 3S)
|
Batting: SHB Enrique Uribe
|
0-0: Swinging Strike 0-1: Ball 1-1: Foul Ball, location: 2F 1-2: Strikes out swinging
|
Batting: RHB Bobby Miller
|
0-0: Swinging Strike 0-1: Ball 1-1: Ball 2-1: Ground out 6-3 (Groundball, 56)
|
Bottom of the 4th over - 0 run(s), 0 hit(s), 0 error(s), 0 left on base; Colorado 3 - Salem 2 |
TOP OF THE 5TH |
Colorado Commanders batting - Pitching for Salem Sledgehammers : LHP Miguel Galván
|
Batting: RHB Carlos Hernández
|
0-0: Called Strike 0-1: Ball 1-1: Called Strike 1-2: Strikes out swinging
|
Batting: SHB Theodore Cook
|
0-0: Ball 1-0: Called Strike 1-1: Ground out 6-3 (Groundball, 6)
|
Batting: RHB Roberto Rodríguez
|
0-0: Ball 1-0: SOLO HOME RUN (Flyball, 7D), Distance : 409 ft
|
Batting: RHB Frank Martínez
|
0-0: Called Strike 0-1: Ball 1-1: Foul Ball, location: 2F 1-2: Strikes out looking
|
Top of the 5th over - 1 run(s), 1 hit(s), 0 error(s), 0 left on base; Colorado 4 - Salem 2 |
BOTTOM OF THE 5TH |
Salem Sledgehammers batting - Pitching for Colorado Commanders : RHP Héctor Rodríguez
|
Batting: RHB Marc Ploughman
|
0-0: Called Strike 0-1: Fly out, F2 (Popup, 2RF)
|
Batting: RHB Patrick Daniels
|
0-0: Called Strike 0-1: Foul Ball, location: 2F 0-2: Ball 1-2: Strikes out swinging
|
Batting: LHB Caleb Hall
|
0-0: Called Strike 0-1: Fly out, F6 (Popup, 6MS)
|
Bottom of the 5th over - 0 run(s), 0 hit(s), 0 error(s), 0 left on base; Colorado 4 - Salem 2 |
TOP OF THE 6TH |
Colorado Commanders batting - Pitching for Salem Sledgehammers : LHP Miguel Galván
|
Pitching: LHP Sean Yarbrough
|
|
Batting: RHB Tony Barton
|
0-0: Ball 1-0: Swinging Strike 1-1: Swinging Strike 1-2: Ball 2-2: Foul Ball, location: 2F 2-2: Foul Ball, location: 2F 2-2: Ball 3-2: Strikes out swinging
|
Batting: RHB Adam Reeves
|
0-0: Called Strike 0-1: Ground out 6-3 (Groundball, 6)
|
Batting: RHB Chris Rice
|
0-0: Called Strike 0-1: Ball 1-1: Ball 2-1: Ground out 5-3 (Groundball, 5D)
|
Top of the 6th over - 0 run(s), 0 hit(s), 0 error(s), 0 left on base; Colorado 4 - Salem 2 |
BOTTOM OF THE 6TH |
Salem Sledgehammers batting - Pitching for Colorado Commanders : RHP Héctor Rodríguez
|
Batting: RHB Lakota O'Reilly
|
0-0: Bunt missed! 0-1: Ball 1-1: Ground out 1-3 (Groundball, 34S)
|
Batting: RHB Luis Bustamante
|
0-0: Called Strike 0-1: Ball 1-1: Ball 2-1: Ball 3-1: Base on Balls
|
Batting: LHB José Rivera
|
0-0: Ball 1-0: Fly out, F9 (Line Drive, 9D)
|
Batting: LHB Nathan Frey
|
0-0: Called Strike 0-1: Called Strike 0-2: Ball 1-2: Ball 2-2: Foul Ball, location: 2F 2-2: Ball 3-2: DOUBLE (Flyball, 7D) Luis Bustamante to third Luis Bustamante scores
|
Batting: SHB Enrique Uribe
|
0-0: Ball 1-0: Called Strike 1-1: Ball 2-1: SINGLE (Groundball, 56D) (infield hit) Nathan Frey to third
|
Batting: RHB Bobby Miller
|
0-0: Called Strike 0-1: Ball 1-1: Ball 2-1: Ball 3-1: Foul Ball, location: 2F 3-2: Strikes out swinging
|
Bottom of the 6th over - 1 run(s), 2 hit(s), 0 error(s), 2 left on base; Colorado 4 - Salem 3 |
TOP OF THE 7TH |
Colorado Commanders batting - Pitching for Salem Sledgehammers : LHP Sean Yarbrough
|
Batting: RHB Kyle Vélez
|
0-0: Ball 1-0: Ball 2-0: Foul Ball, location: 2F 2-1: Foul Ball, location: 2F 2-2: Strikes out looking
|
Batting: RHB Gerald Johnson
|
0-0: Ball 1-0: Called Strike 1-1: Ball 2-1: Ground out 4-3 (Groundball, 4)
|
Batting: RHB Carlos Hernández
|
0-0: Ball 1-0: Foul Ball, location: 2F 1-1: Ball 2-1: Swinging Strike 2-2: Ball 3-2: Strikes out swinging
|
Top of the 7th over - 0 run(s), 0 hit(s), 0 error(s), 0 left on base; Colorado 4 - Salem 3 |
BOTTOM OF THE 7TH |
Salem Sledgehammers batting - Pitching for Colorado Commanders : RHP Héctor Rodríguez
|
Pitching: RHP Jesús Medina
|
|
Batting: RHB Marc Ploughman
|
0-0: Fly out, F8 (Flyball, 8LS)
|
Batting: RHB Patrick Daniels
|
0-0: Ball 1-0: Foul Ball, location: 2F 1-1: Called Strike 1-2: Strikes out swinging
|
Pitching: LHP Manuel Reyes
|
|
Batting: LHB Caleb Hall
|
0-0: Foul Ball, location: 2F 0-1: Ball 1-1: Foul Ball, location: 2F 1-2: Ball 2-2: Foul Ball, location: 2F 2-2: Strikes out looking
|
Bottom of the 7th over - 0 run(s), 0 hit(s), 0 error(s), 0 left on base; Colorado 4 - Salem 3 |
TOP OF THE 8TH |
Colorado Commanders batting - Pitching for Salem Sledgehammers : LHP Sean Yarbrough
|
Pitching: LHP Alberto Pagán
|
|
Batting: SHB Theodore Cook
|
0-0: Ball 1-0: Fly out, F8 (Flyball, 89XD)
|
Batting: RHB Roberto Rodríguez
|
0-0: Fly out, F8 (Flyball, 8RM)
|
Batting: RHB Frank Martínez
|
0-0: Ball 1-0: Ball 2-0: Ball 3-0: Called Strike 3-1: Called Strike 3-2: Foul Ball, location: 2F 3-2: Strikes out swinging
|
Top of the 8th over - 0 run(s), 0 hit(s), 0 error(s), 0 left on base; Colorado 4 - Salem 3 |
BOTTOM OF THE 8TH |
Salem Sledgehammers batting - Pitching for Colorado Commanders : LHP Manuel Reyes
|
Pitching: LHP Pedro Beltrán
|
|
Batting: RHB Lakota O'Reilly
|
0-0: Called Strike 0-1: DOUBLE (Flyball, 78XD)
|
Pitching: RHP Joe King
|
|
Batting: RHB Luis Bustamante
|
0-0: Ball 1-0: Ball 2-0: Ball 3-0: Called Strike 3-1: Base on Balls
|
Pitching: LHP Bernardo Dodson
|
|
Batting: LHB José Rivera
|
0-0: Ball 1-0: Grounds into double play, 4-6-3 (Groundball, 34) Lakota O'Reilly to third
|
Batting: LHB Nathan Frey
|
0-0: Ball 1-0: Foul Ball, location: 2F 1-1: Ball 2-1: Foul Ball, location: 2F 2-2: Ball 3-2: SINGLE (Groundball, 4M) Lakota O'Reilly scores
|
Pinch Runner at 1st José García:
|
|
Pinch Hitting: RHB Gilberto Silva
|
0-0: Ball 1-0: Ball 2-0: Ball 3-0: Called Strike 3-1: Called Strike 3-2: Foul Ball, location: 2F 3-2: Foul Ball, location: 2F 3-2: SINGLE (Groundball, 6M) José García to second José García to third
|
Batting: RHB Bobby Miller
|
0-0: Called Strike 0-1: Ball 1-1: Fly out, F9 (Flyball, 9S)
|
Bottom of the 8th over - 1 run(s), 3 hit(s), 0 error(s), 2 left on base; Colorado 4 - Salem 4 |
TOP OF THE 9TH |
Colorado Commanders batting - Pitching for Salem Sledgehammers : LHP Alberto Pagán
|
Pitching: RHP Norberto Deleón
|
|
Now in RF: Glenn Broadwater
|
|
Pinch Hitting: RHB Ricardo Remedios
|
0-0: Ground out 5-3 (Groundball, 56S)
|
Pinch Hitting: RHB Alberto Soto
|
0-0: Fly out, F9 (Flyball, 89M)
|
Pinch Hitting: RHB Tim Adkins
|
0-0: Ball 1-0: SINGLE (Line Drive, 34D)
|
Pinch Hitting: LHB Arturo Rodledo
|
0-0: Called Strike 0-1: Called Strike 0-2: Strikes out swinging
|
Top of the 9th over - 0 run(s), 1 hit(s), 0 error(s), 1 left on base; Colorado 4 - Salem 4 |
BOTTOM OF THE 9TH |
Salem Sledgehammers batting - Pitching for Colorado Commanders : LHP Bernardo Dodson
|
Pitching: RHP Emílio Valdés
|
|
Now at C: Clarence Robertson
|
|
Now at 1B: Tim Adkins
|
|
Now at SS: Samuel Pasolini
|
|
Now in LF: Ricardo Remedios
|
|
Batting: RHB Marc Ploughman
|
0-0: Called Strike 0-1: Called Strike 0-2: Foul Ball, location: 2F 0-2: Ball 1-2: Strikes out swinging
|
Batting: RHB Patrick Daniels
|
0-0: Called Strike 0-1: Foul Ball, location: 2F 0-2: Ball 1-2: Strikes out swinging
|
Batting: LHB Caleb Hall
|
0-0: Ball 1-0: Foul Ball, location: 2F 1-1: Ball 2-1: Ball 3-1: Base on Balls
|
Batting: RHB Lakota O'Reilly
|
0-0: Called Strike 0-1: Ball 1-1: Ball 2-1: Swinging Strike 2-2: Strikes out swinging
|
Bottom of the 9th over - 0 run(s), 0 hit(s), 0 error(s), 1 left on base; Colorado 4 - Salem 4 |
TOP OF THE 10TH |
Colorado Commanders batting - Pitching for Salem Sledgehammers : RHP Norberto Deleón
|
Batting: RHB Gerald Johnson
|
0-0: Ball 1-0: Ball 2-0: Ground out 6-3 (Groundball, 6)
|
Batting: RHB Carlos Hernández
|
0-0: Ball 1-0: Ball 2-0: Called Strike 2-1: Called Strike 2-2: Fly out, F7 (Flyball, 78M)
|
Batting: SHB Theodore Cook
|
0-0: Swinging Strike 0-1: Ball 1-1: Foul Ball, location: 2F 1-2: Ground out 4-3 (Groundball, 4)
|
Top of the 10th over - 0 run(s), 0 hit(s), 0 error(s), 0 left on base; Colorado 4 - Salem 4 |
BOTTOM OF THE 10TH |
Salem Sledgehammers batting - Pitching for Colorado Commanders : RHP Emílio Valdés
|
Batting: RHB Luis Bustamante
|
0-0: Called Strike 0-1: Swinging Strike 0-2: Ball 1-2: Strikes out swinging
|
Batting: LHB José Rivera
|
0-0: Called Strike 0-1: Swinging Strike 0-2: Foul Ball, location: 2F 0-2: SINGLE (Line Drive, 34)
|
Batting: RHB José García
|
0-0: Called Strike 0-1: Foul Ball, location: 2F 0-2: Fly out, F7 (Flyball, 78S)
|
Batting: RHB Glenn Broadwater
|
0-0: Ball José Rivera steals 2nd base 1-0: Fly out, F3 (Popup, 3SF)
|
Bottom of the 10th over - 0 run(s), 1 hit(s), 0 error(s), 1 left on base; Colorado 4 - Salem 4 |
TOP OF THE 11TH |
Colorado Commanders batting - Pitching for Salem Sledgehammers : RHP Norberto Deleón
|
Pitching: RHP Blake Koepke
|
|
Batting: RHB Roberto Rodríguez
|
0-0: Foul Ball, location: 2F 0-1: Ball 1-1: Ball 2-1: Swinging Strike 2-2: Foul Ball, location: 2F 2-2: Ground out 5-3 (Groundball, 5L)
|
Batting: RHB Frank Martínez
|
0-0: Foul Ball, location: 2F 0-1: Ground out 4-3 (Groundball, 4)
|
Batting: RHB Ricardo Remedios
|
0-0: Swinging Strike 0-1: Swinging Strike 0-2: Strikes out looking
|
Top of the 11th over - 0 run(s), 0 hit(s), 0 error(s), 0 left on base; Colorado 4 - Salem 4 |
BOTTOM OF THE 11TH |
Salem Sledgehammers batting - Pitching for Colorado Commanders : RHP Emílio Valdés
|
Batting: RHB Bobby Miller
|
0-0: Swinging Strike 0-1: Foul Ball, location: 2F 0-2: Ball 1-2: Foul Ball, location: 2F 1-2: Strikes out swinging
|
Batting: RHB Marc Ploughman
|
0-0: Foul Ball, location: 2F 0-1: Foul Ball, location: 2F 0-2: Ball 1-2: Ground out 5-3 (Groundball, 5)
|
Batting: RHB Patrick Daniels
|
0-0: Foul Ball, location: 2F 0-1: Called Strike 0-2: Ball 1-2: SOLO HOME RUN (Flyball, 7LD), Distance : 408 ft
|
Monday, December 5th, 2016 - OOTP Baseball 17.12 Build 75
|
|